 Dungeon Crawl Stone Soup version 0.27-a0-1378-gdefffd1ff6 (webtiles) character file.

Game seed: 2674562889514661650

8674 dinky3 the Unseen (level 11, -5/48 HPs)
             Began as a Felid Enchanter on June 29, 2021.
             Was a Believer of Ashenzari.
             Slain by a wolf (10 damage)
             ... on level 3 of the Lair of Beasts.
             The game lasted 00:24:48 (18895 turns).

dinky3 the Unseen (Felid Enchanter)                Turns: 18895, Time: 00:24:48

Health: -5/48      AC:  2    Str:  4    XL:     11   Next: 13%
Magic:  0/18       EV: 23    Int: 21    God:    Ashenzari [**....]
Gold:   845        SH:  0    Dex: 16    Spells: 6/18 levels left
                                        Lives:  0   Deaths: 3

rFire    . . .     SeeInvis +     - Unarmed
rCold    . . .     Faith    .   (shield unavailable)
rNeg     . . .     Spirit   +   (armour unavailable)
rPois    .         Reflect  .   (helmet unavailable)
rElec    .         Harm     .   (cloak unavailable)
rCorr    .         Rampage  .   (gloves unavailable)
Will     +....                  (boots unavailable)
Stlth    ++++++....             w - amulet "Enigmatic Servitude" {Spirit, Cun, Melee} (curse)
HPRegen  0.16/turn              (no ring)
MPRegen  0.16/turn              (no ring)

@: quick
A: very small, claws 1, fangs 3, see invisible, speed 1, shaggy fur 2, stealthy
paws, no weapons or thrown items, no armour, multi-lived
a: Renounce Religion, Curse Item, Shatter the Chains


You were on level 3 of the Lair of Beasts.
You worshipped Ashenzari.
Ashenzari was pleased with you.
You visited 3 branches of the dungeon, and saw 16 of its levels.
You also visited: Ice Cave.

You collected 1059 gold pieces.
You spent 214 gold pieces at shops.

Inventory:

Jewellery
 w - the cursed amulet "Enigmatic Servitude" (around neck) {Spirit, Cun, Melee}
   (You found it on level 1 of the Lair of Beasts)

   [amulet of guardian spirit]

   It causes incoming damage to be divided between your reserves of health and
   magic.
   It has a curse which improves the following skills: Cunning: Dodging and
   Stealth.
   Melee Combat: Unarmed Combat.
 x - an amulet of reflection
 y - a ring of fire
 B - an amulet of the acrobat
Wands
 h - a wand of iceblast (9)
 n - a wand of flame (60)
 v - a wand of digging (5)
 A - a wand of paralysis (3)
 C - a wand of charming (7)
Scrolls
 a - 8 scrolls of teleportation
 b - 4 scrolls of noise
 d - 5 scrolls of amnesia
 g - 2 scrolls of magic mapping
 l - 3 scrolls of fog
 o - 4 scrolls of blinking
 q - 2 scrolls of torment
Potions
 c - a potion of cancellation
 e - 4 potions of heal wounds
 f - a potion of attraction
 i - 4 potions of might
 j - a potion of magic
 k - a potion of ambrosia
 m - a potion of invisibility
 p - a potion of haste
 r - 4 potions of flight
 t - 3 potions of curing
 u - a potion of brilliance
 z - a potion of lignification
Miscellaneous
 s - a phantom mirror


   Skills:
 + Level 5.6 Fighting
 + Level 8.1(9.6) Dodging
 + Level 15.0(16.2) Stealth
 + Level 10.9(12.2) Unarmed Combat
 - Level 4.0 Spellcasting
 - Level 4.0 Conjurations
 * Level 11.7 Hexes
 - Level 2.0 Evocations


You had 6 spell levels left.
You knew the following spells:

 Your Spells              Type           Power      Damage    Failure   Level
a - Corona                Hex            57%        N/A       1%          1
b - Ensorcelled Hibernat  Hex/Ice        56%        N/A       1%          2
c - Confusing Touch       Hex            52%        N/A       1%          3
d - Tukima's Dance        Hex            52%        N/A       1%          3
e - Dazzling Flash        Conj/Hex       74%        N/A       1%          3

Your spell library contained the following spells:

 Spells                   Type           Power      Damage    Failure   Level
 Shock                    Conj/Air       48%        1d6       5%          1
 Static Discharge         Conj/Air       12%        N/A       8%          2
 Swiftness                Air            4%         N/A       34%         3
 Airstrike                Air            2%         N/A       75%         4
 Lightning Bolt           Conj/Air       6%         1d18      82%         5


Dungeon Overview and Level Annotations

Branches:
Dungeon (9/15)             Temple (1/1) D:5            Lair (6/6) D:9
  Snake (0/4) Lair:2        Slime (0/5) Lair:6          Orc (0/2) D:9
  IceCv (visited)
  Swamp: Lair:2-4    Shoals: Lair:2-4

Altars:
Ashenzari
Cheibriados
Elyvilon
Fedhas
Gozag
Hepliaklqana
Nemelex Xobeh
Okawaru
Qazlal
Sif Muna
Uskayaw
Vehumet
Yredelemnul
Zin
The Shining One
Jiyva

Shops:
D:5 ?   D:9 :

Annotations:
D:3 2 transporters, oc3rt's ghost, amateur KoHu
D:5 exclusion: downstairs
D:6 Grinder
D:7 exclusions: vampire mosquito and 2 more exclusions
D:8 exclusion: death knight
Lair:1 exclusion: hydra
Lair:2 exclusion: cane toad, Gastronok; Sonja
Lair:5 exclusions: 2 elephants, hydra and 3 oklob plants
Lair:6 1 runed translucent door


Innate Abilities, Weirdness & Mutations

You have sharp claws.
You have razor-sharp teeth.
You have supernaturally acute eyesight. (SInv)
You cover ground quickly. (Speed+)
You are covered in thick fur. (AC +2)
Your paws help you pounce on unaware monsters.
You are incapable of wielding weapons or throwing items.
You cannot wear armour.
You gain extra lives every three experience levels.


Message History

You don't have enough magic to cast this spell.
Unknown command.
The wolf bites you. The wolf misses you. The wolf completely misses you.
Casting: Ensorcelled Hibernation (safe; 1% risk of failure)
Confirm with . or Enter, or press ? or * to list all spells.
Aiming: Ensorcelled Hibernation (safe; 1% risk of failure)
Press: ? - help, Shift-Dir - straight line, f - wolf
Aim: a wolf (lightly wounded, chance to affect: 57%)
The wolf resists with significant effort.
The wolf bites you.
You claw the wolf!
The wolf is moderately wounded.
The wolf misses you. The wolf bites you!
* * * LOW HITPOINT WARNING * * *
Unknown command.
The wolf barely misses you. The wolf closely misses you.
You see here a scroll of enchant weapon.
The wolf closely misses you.
Aiming: Charm
Press: ? - help, Shift-Dir - straight line, f/p - wolf
Aim: a wolf (moderately wounded, chance to affect: 51%)
The wolf resists with significant effort.
The wolf bites you.
* * * LOW HITPOINT WARNING * * *
Aiming: Paralyse
Press: ? - help, Shift-Dir - straight line, f/p - wolf
Aim: a wolf (moderately wounded, chance to affect: 51%)
The wolf resists with significant effort.
The wolf bites you!
* * * LOW HITPOINT WARNING * * *
The wolf completely misses you.
Aiming: Paralyse
Press: ? - help, Shift-Dir - straight line, f/p - wolf
Aim: a wolf (moderately wounded, chance to affect: 51%)
The wolf resists with significant effort.
The wolf bites you!
You die...

### ##### ###
#.####.#P####.## ##
##.............## ###.
#..............# #...
##.............## ##..
#...............# #.#
#..............## #..
#...............# #.#
#...........@...# ##.#
##..........h?.P### #..#
#................### #..#
#..................#######.#
#.............####..#.#.#...
##.............####..........
#..............##...###.#.#..
#..............#..#########..
##..............#.####.## #..


You could see a wolf.

Vanquished Creatures
  2 hydras (Lair:6)
  2 two-headed ogres
  A death yak (Lair:4)
  A necromancer (IceCv)
  4 black mambas
  5 cane toads
  10 komodo dragons
  2 rime drakes (Lair:6)
  2 ice devils (IceCv)
  A polar bear (Lair:4)
  5 yaks (Lair:6)
  A basilisk (Lair:4)
  A wyvern (Lair:3)
  2 steam dragons (D:8)
  Menkaure (D:6)
  17 water moccasins
  An acid dragon (D:8)
  An ice beast (D:7)
  A hornet zombie (D:8)
  An orc warrior (D:8)
  2 necrophages
  2 sky beasts (D:7)
  4 wolves (Lair:4)
  An ogre (D:6)
  A kobold brigand (D:8)
  Blork the orc (D:4)
  A gnoll sergeant (D:7)
  A scorpion (D:6)
  8 bullfrogs
  A wyvern zombie (D:8)
  A water moccasin zombie (D:6)
  5 killer bees
  2 wights
  3 howler monkeys
  2 jellies
  3 centaur zombies
  A hound (D:5)
  An orc priest (D:9)
  2 centaur skeletons
  4 iguanas
  A killer bee zombie (D:8)
  A hound skeleton (D:4)
  7 gnolls
  2 adders
  A shadow imp (D:7)
  2 white imps
  An ufetubus (D:6)
  2 worms (D:2)
  2 dart slugs (D:1)
  29 orcs
  6 ball pythons
  8 endoplasms
  3 giant cockroaches
  11 goblins
  2 hobgoblins
  8 jackals
  3 quokkas (D:3)
  6 bats
  3 frilled lizards
  12 kobolds
  2 rats
219 creatures vanquished.

Vanquished Creatures (collateral kills)
  A hydra (Lair:4)
  2 death yaks (Lair:4)
  A hound (D:7)
  3 gnolls
7 creatures vanquished.

Vanquished Creatures (others)
  A hydra (Lair:4)
  8 dancing weapons
  9 fungi
  21 plants
39 creatures vanquished.

Grand Total: 265 creatures vanquished

Notes
Turn   | Place    | Note
-------+----------+-------------------------------------------
     0 | D:1      | dinky3 the Felid Enchanter began the quest for the Orb.
     0 | D:1      | Reached XP level 1. HP: 7/7 MP: 4/4
    79 | D:1      | Reached XP level 2. HP: 5/11 MP: 6/6
   450 | D:1      | Found a faded altar of an unknown god.
   863 | D:1      | Learned a level 2 spell: Ensorcelled Hibernation
  1857 | D:1      | Reached skill level 5 in Stealth
  1857 | D:1      | Reached XP level 3. HP: 14/14 MP: 7/7
  2053 | D:2      | Learned a level 3 spell: Tukima's Dance
  2769 | D:2      | Reached skill level 5 in Hexes
  2769 | D:2      | Reached XP level 4. HP: 11/18 MP: 4/8
  3083 | D:3      | Noticed oc3rt's ghost (amateur KoHu)
  3087 | D:3      | Found a transporter.
  3848 | D:3      | Found a transporter.
  4143 | D:4      | Found a white marble altar of Elyvilon.
  4259 | D:4      | Found a white marble altar of Elyvilon.
  4471 | D:4      | Noticed Blork the orc
  4477 | D:4      | Killed Blork the orc
  4478 | D:4      | Reached skill level 6 in Stealth
  4478 | D:4      | Reached XP level 5. HP: 12/21 MP: 9/9
  4670 | D:4      | Noticed a necrophage
  4681 | D:4      | Killed a necrophage
  4840 | D:4      | Noticed an ogre
  5364 | D:4      | Gained mutation: You are covered in thick fur. (AC +2)
                  | [Felid growth]
  5364 | D:4      | Reached XP level 6. HP: 18/24 MP: 10/10
  5368 | D:4      | Learned a level 3 spell: Confusing Touch
  5700 | D:5      | Entered Level 5 of the Dungeon
  5727 | D:5      | Found a stormy altar of Qazlal.
  5783 | D:5      | Found a hazy altar of Hepliaklqana.
  5865 | D:5      | Reached skill level 7 in Stealth
  5896 | D:5      | Found Xoboroxt's Magic Scroll Shoppe.
  5899 | D:5      | Bought a scroll of blinking for 97 gold pieces
  5899 | D:5      | Bought a scroll of teleportation for 39 gold pieces
  5899 | D:5      | Bought a scroll of fog for 26 gold pieces
  5899 | D:5      | Bought a scroll of identify for 26 gold pieces
  5899 | D:5      | Bought a scroll of identify for 26 gold pieces
  5905 | D:5      | Found a glowing silver altar of Zin.
  6029 | D:5      | Found a staircase to the Ecumenical Temple.
  6637 | Temple   | Entered the Ecumenical Temple
  6655 | Temple   | Became a worshipper of Ashenzari the Shackled
  6800 | D:6      | Reached skill level 8 in Stealth
  6800 | D:6      | Reached skill level 5 in Unarmed Combat
  6800 | D:6      | Reached XP level 7. HP: 15/27 MP: 9/11
  7055 | D:6      | Noticed a two-headed ogre
  7066 | D:6      | Noticed Menkaure
  7358 | D:6      | Killed Menkaure
  7359 | D:6      | Reached skill level 1 in Evocations
  7376 | D:6      | Reached skill level 9 in Stealth
  7807 | D:6      | Killed a two-headed ogre
  7808 | D:6      | Reached skill level 10 in Stealth
  7808 | D:6      | Reached XP level 8. HP: 14/31 MP: 0/12
  8002 | D:6      | Reached skill level 11 in Stealth
  8335 | D:6      | Noticed Grinder
  9101 | D:7      | Noticed a two-headed ogre
  9127 | D:7      | Killed a two-headed ogre
  9128 | D:7      | Reached skill level 12 in Stealth
  9128 | D:7      | Reached XP level 9. HP: 29/34 MP: 0/13
  9302 | D:7      | Learned a level 3 spell: Dazzling Flash
  9770 | D:7      | Found a snail-covered altar of Cheibriados.
 10333 | D:8      | Reached skill level 13 in Stealth
 10383 | D:8      | Found a glowing golden altar of the Shining One.
 10540 | D:8      | Found a radiant altar of Vehumet.
 10748 | D:8      | Reached skill level 1 in Fighting
 11211 | D:8      | Noticed a death knight
 11408 | D:8      | Found a basalt altar of Yredelemnul.
 11410 | D:8      | Noticed a profane servitor
 11471 | D:8      | Found a shimmering blue altar of Sif Muna.
 11495 | D:8      | Engulfed by a steam dragon's steam
 11496 | D:8      | Reached XP level 8. HP: -1/33 MP: 2/12
 11700 | D:9      | Found Afiwn's Book Shoppe.
 11754 | D:9      | Found a staircase to the Lair.
 11812 | D:8      | Reached XP level 9. HP: 19/36 MP: 8/13
 12565 | D:9      | Found a staircase to the Orcish Mines.
 12733 | D:9      | Noticed a manticore
 12796 | Lair:1   | Entered Level 1 of the Lair of Beasts
 12796 | Lair:1   | Noticed a seven-headed hydra
 12796 | Lair:1   | Noticed a cane toad
 12800 | Lair:1   | Killed a cane toad
 13066 | Lair:1   | Reached skill level 1 in Conjurations
 14111 | Lair:2   | Reached skill level 5 in Dodging
 14180 | Lair:2   | Noticed a black mamba
 14186 | Lair:2   | Killed a black mamba
 14221 | Lair:2   | Found a staircase to the Snake Pit.
 14245 | Lair:2   | Reached XP level 10. HP: 15/42 MP: 0/14
 14265 | Lair:2   | Noticed Gastronok
 14468 | Lair:2   | Reached skill level 10 in Unarmed Combat
 14779 | Lair:2   | Noticed Sonja
 14822 | Lair:2   | Noticed a cane toad
 14947 | Lair:2   | Noticed a six-headed hydra
 14953 | Lair:3   | Noticed a black mamba
 14956 | Lair:3   | Killed a black mamba
 14970 | Lair:3   | Noticed a black mamba
 14975 | Lair:3   | Killed a black mamba
 14976 | Lair:3   | Reached skill level 14 in Stealth
 14984 | Lair:3   | Noticed a cane toad
 14999 | Lair:3   | Slain by a cane toad
 15000 | Lair:3   | Reached XP level 9. HP: -1/39 MP: 0/14
 15005 | Lair:3   | Identified the +0 pair of gloves of a sewer {rC+ rN+ rCorr
                  | Int-2 Dex+4}
 15051 | Lair:3   | Noticed a komodo dragon
 15060 | Lair:3   | Killed a komodo dragon
 15086 | Lair:3   | Noticed a komodo dragon
 15092 | Lair:3   | Killed a komodo dragon
 15215 | Lair:3   | Noticed a komodo dragon
 15229 | Lair:3   | Killed a cane toad
 15264 | Lair:3   | Reached * piety under Ashenzari
 15264 | Lair:3   | Reached ** piety under Ashenzari
 15301 | Lair:3   | Killed a komodo dragon
 15663 | Lair:3   | Reached XP level 10. HP: 30/42 MP: 8/15
 16060 | Lair:4   | Noticed a cane toad
 16073 | Lair:4   | Noticed a death yak
 16086 | Lair:5   | Noticed an oklob plant
 16086 | Lair:5   | Noticed an oklob plant
 16086 | Lair:5   | Noticed an oklob plant
 16518 | Lair:5   | Noticed an elephant
 16905 | Lair:5   | Noticed a four-headed hydra
 17116 | Lair:5   | Noticed an elephant
 17172 | Lair:6   | Entered Level 6 of the Lair of Beasts
 17178 | Lair:6   | Found a runed translucent door.
 17213 | Lair:6   | Found a viscous altar of Jiyva.
 17239 | Lair:6   | Found a staircase to the Slime Pits.
 17411 | Lair:6   | Noticed an eight-headed hydra
 17411 | Lair:6   | Noticed an eight-headed hydra
 17415 | Lair:6   | Killed an eight-headed hydra
 17435 | Lair:6   | Noticed a black mamba
 17441 | Lair:6   | Killed a black mamba
 17475 | Lair:6   | Found a frozen archway.
 17476 | Lair:6   | Noticed a cane toad
 17483 | IceCv    | Entered an ice cave
 17556 | IceCv    | Reached skill level 10 in Hexes
 17562 | IceCv    | Noticed an ice statue
 17562 | IceCv    | Noticed an ice statue
 17702 | IceCv    | Noticed an ice statue
 17719 | IceCv    | Noticed a necromancer
 17720 | IceCv    | Identified the +0 leather armour of Grace {rF- Int+8 Dex+2
                  | SInv}
 17720 | IceCv    | Killed a necromancer
 17721 | IceCv    | Reached XP level 11. HP: 46/46 MP: 15/18
 17765 | IceCv    | Killed from afar by an ice statue
 17766 | IceCv    | Reached XP level 10. HP: -3/43 MP: 0/17
 17988 | Lair:6   | Noticed a four-headed hydra
 17995 | Lair:6   | Killed a four-headed hydra
 17998 | Lair:6   | Noticed a cane toad
 18003 | Lair:6   | Killed a cane toad
 18004 | Lair:6   | Reached skill level 5 in Fighting
 18118 | Lair:6   | Noticed a catoblepas
 18477 | Lair:4   | Noticed an eight-headed hydra
 18493 | Lair:4   | Noticed a five-headed hydra
 18494 | Lair:4   | Killed a cane toad
 18501 | Lair:4   | Noticed a death yak
 18503 | Lair:4   | Killed a five-headed hydra
 18510 | Lair:4   | Killed a death yak
 18513 | Lair:4   | Noticed a death yak
 18513 | Lair:4   | Killed a death yak
 18517 | Lair:4   | Killed a death yak
 18660 | Lair:4   | Noticed a cane toad
 18665 | Lair:4   | Killed a cane toad
 18666 | Lair:4   | Reached XP level 11. HP: 48/48 MP: 18/18
 18789 | Lair:4   | Reached skill level 15 in Stealth
 18895 | Lair:3   | Slain by a wolf

Illustrated notes

Levels and vault maps discovered:
D:1:      dpeg_arrival_erosion, layout_basic, hellmonk_ecumenical_altar_run_dry
D:2:      kennysheep_big_flooded_room, layout_loops_ring
D:3:      layout_loops_ring, gammafunk_ghost_arena
D:4:      layout_gridville, kennysheep_mini_moat, kennysheep_small_circle,
          uniq_blork_the_orc
D:5:      layout_basic, worldfamousw_hep_ancestral_shrine,
          nicolae_overflow_hidden_temple, grunt_qazlal_sundering,
          minmay_temple_entry_purple_smoke, serial_shops, kennysheep_mini
D:6:      layout_basic, hangedman_abyss_or_decor_passed,
          kennysheep_generic_room_8, uniq_grinder, uniq_menkaure
D:7:      minmay_the_grid_octo_tiled_squarecenter [minmay_the_grid_octo_chip,
          minmay_the_grid_octo_shrine, minmay_the_grid_octo_horde,
          minmay_the_grid_octo_teeth,
          minmay_the_grid_square_5x5_megaprize_crossed,
          minmay_the_grid_square_5x5_one_wall, minmay_the_grid_square_5x5_tie,
          minmay_the_grid_square_5x5_two_walls_b,
          minmay_the_grid_square_5x5_comb], layout_loops_corners,
          general_overflow_altar, serial_rivers, chequers_serial_rivers_micro_c,
          chequers_serial_rivers_large_a, chequers_serial_rivers_micro_e,
          chequers_serial_rivers_marsh, kennysheep_generic_room_13
D:8:      layout_cave_pools, grunt_temple_overflow_holy_war,
          vehumet_altar_wand_db, lemuel_tele_altar, st_stairs_13,
          kennysheep_big_empty_room, minivault_27
D:9:      layout_roguey, old_standard_altar, hiddenorc2_lemuel, serial_shops,
          shop_coins, minmay_statues_item
Temple:   pf_slime_end_temple
Lair:1:   layout_small_grid, lemuel_fruit_tree
Lair:2:   layout_small_grid, minmay_snake_entry_six_corridors,
          grunt_megastairs_4, uniq_sonja, uniq_gastronok
Lair:3:   layout_gridlike, special_room [special_room_bee],
          nicolae_quartered_pool_medium, lemuel_old_faithful,
          grunt_megastairs_5, serial_bayou_shore_b
Lair:4:   layout_regular_city, minmay_swamp_entry_worms, grunt_megastairs_1,
          serial_bayou_shore_a
Lair:5:   layout_cave_pods, minmay_lair_oklob_chamber
Lair:6:   evilmike_catoblepas_cave, layout_gridlike, slime_altar_2,
          portal_ice_cave_rime, serial_bayou_shore_b, serial_bayou_shore_b

Skill      XL: |  1  2  3  4  5  6  7  8  9 10 11 |
---------------+----------------------------------+-----
Unarmed Combat | 2 3 5 7 8 9 10 | 10.9
Stealth        | 5 6 8 10 12 13 14 15 | 15.0
Hexes          | 5 6 7 11 | 11.7
Evocations     | 2 |  2.0
Fighting       | 2 3 5 |  5.6
Dodging        | 4 6 8 |  8.1
Conjurations   | 2 4 |  4.0
Spellcasting   | 4 |  4.0

Action                   |  1- 3 |  4- 6 |  7- 9 | 10-12 || total
-------------------------+-------+-------+-------+-------++-------
Melee: Unarmed           |   121 |    94 |   233 |    89 ||   537
       Bite              |     7 |     4 |     8 |     6 ||    25
       Punch             |       |       |     5 |     3 ||     8
 Cast: Ensorcelled Hiber |    17 |    13 |    93 |    58 ||   181
       Tukima's Dance    |     2 |     1 |    29 |       ||    32
       Confusing Touch   |       |     2 |    14 |     5 ||    21
       Dazzling Flash    |       |       |     1 |       ||     1
Invok: Curse Item        |       |       |     1 |       ||     1
Evoke: Wand              |       |     4 |     4 |     6 ||    14
  Use: Scroll            |       |     7 |     1 |     3 ||    11
       Potion            |       |     1 |     2 |     1 ||     4
 Stab: Sleeping          |    16 |    24 |    59 |    38 ||   137
       Confused          |       |     1 |    10 |     7 ||    18
       Distracted        |       |       |     3 |       ||     3
       Invisible         |       |       |     1 |       ||     1
Armor: Skin              |    10 |     5 |    33 |     2 ||    50
Dodge: Dodged            |    77 |    57 |   183 |    85 ||   402

Table legend: (Time is in decaauts)
 A = Elapsed time spent in this place.
 B = Non-inter-level travel time spent in this place.
 C = Inter-level travel time spent in this place.
 D = Time resting spent in this place.
 E = Time spent auto-exploring this place.
 F = Levels seen in this place.
 G = Mean time per level.
                   A        B        C        D        E       F      G
               +--------+--------+--------+--------+--------+-----+--------+
         Total |  16781 |  16254 |    527 |   3666 |   9584 |  17 |  987.1 |
       Dungeon |  11384 |  11006 |    378 |   2425 |   6653 |   9 | 1264.9 |
        Temple |     26 |     16 |     10 |      0 |      0 |   1 |   26.0 |
          Lair |   5043 |   4905 |    138 |   1110 |   2930 |   6 |  840.5 |
      Ice Cave |    326 |    326 |      0 |    131 |      0 |   1 |  326.0 |
               +--------+--------+--------+--------+--------+-----+--------+

Top non-repeatable levels by time:
     D:1: 1803 daAuts
     D:7: 1721 daAuts
     D:6: 1695 daAuts
     D:4: 1517 daAuts
     D:8: 1383 daAuts
  Lair:5: 1100 daAuts
  Lair:2: 1025 daAuts
  Lair:3: 980 daAuts
     D:2: 977 daAuts
  Lair:1: 914 daAuts
     D:5: 812 daAuts
     D:3: 803 daAuts
     D:9: 668 daAuts
  Lair:6: 662 daAuts
  Lair:4: 360 daAuts
